 Dungeon Crawl Stone Soup version 0.17-a0-737-gf0a300a (webtiles) character file.

23 Ololoev the Bolt Thrower (level 3, -2/20 HPs)
             Began as a Kobold Arcane Marksman on Apr 21, 2015.
             Slain by an adder (3 damage)
             ... on level 2 of the Dungeon.
             The game lasted 00:03:42 (1210 turns).

Ololoev the Bolt Thrower (Kobold Arcane Marksman)   Turns: 1210, Time: 00:03:42

Health: -2/20      AC:  2    Str: 10    XL:     3   Next: 10%
Magic:  1/4        EV: 15    Int: 11    God:
Gold:   83         SH:  0    Dex: 15    Spells: 2 memorised, 1 level left

rFire  . . .     SeeInvis .     a - +0 short sword
rCold  . . .     Clarity  .     g - +0 robe
rNeg   . . .     SustAb   .     (shield restricted)
rPois  .         Gourm    .     (no helmet)
rElec  .         Spirit   .     (no cloak)
rCorr  .         Warding  .     (no gloves)
rMut   .         Stasis   .     (no boots)
MR     .....                    (no amulet)
Stlth  +.........               (no ring)
                                (no ring)

@: lethally poisoned (-2 -> -10), not resistant to hostile enchantments, very
unstealthy
A: carnivore 3
a: no special abilities


Innate Abilities, Weirdness & Mutations

You are small and have problems with some larger weapons.
You are carnivorous and can eat meat at any time.

Inventory:

Hand weapons
 a - a +0 short sword (weapon)
 b - a +0 hand crossbow
Missiles
 c - 16 bolts
Armour
 g - a +0 robe (worn)
Scrolls
 f - a scroll of magic mapping {unknown}
 i - a scroll of teleportation {unknown}
Potions
 h - a potion of heal wounds {unknown}
Books
 d - a book of Debilitation

   Spells                             Type                      Level
   a - Corona                         Hexes                        1
   b - Slow                           Hexes                        2
   c - Gell's Gravitas                Hexes/Translocation          3
   d - Inner Flame                    Hexes/Fire                   3
   e - Cause Fear                     Hexes                        4
   f - Leda's Liquefaction            Hexes/Earth                  4
Comestibles
 e - a meat ration


   Skills:
 - Level 1.1 Fighting
 * Level 1.8 Short Blades
 - Level 3.5 Crossbows
 - Level 2.4 Dodging
 - Level 1.0 Spellcasting
 - Level 3.0 Hexes


You had one spell level left.
You knew the following spells:

 Your Spells              Type           Power        Failure   Level  Hunger
a - Corona                Hex            #......      12%         1    ##.....
b - Slow                  Hex            #.......     17%         2    ###....


You were on level 2 of the Dungeon.
You were not hungry.

You visited 1 branch of the dungeon, and saw 2 of its levels.

You collected 83 gold pieces.

#.........# #####.#####
#.# . ##.# ... #..#
.... ###(## .....
##.#.#
.......####....########
.....(gS@......(.......
.......####...)##.#####
..... ##......# .%$.
##.##### ... #.# + #.#
#.# #.# #.#

Notes
Turn   | Place    | Note
--------------------------------------------------------------
     0 | D:1      | Ololoev, the Kobold Arcane Marksman, began the quest for the Orb.
     0 | D:1      | Reached XP level 1. HP: 12/12 MP: 2/2
   141 | D:1      | Reached skill level 1 in Short Blades
   141 | D:1      | Reached XP level 2. HP: 6/16 MP: 3/3
   992 | D:1      | Reached XP level 3. HP: 20/20 MP: 4/4
   997 | D:1      | Learned a level 2 spell: Slow
  1209 | D:2      | HP: 1/20 [adder (4)]
  1210 | D:2      | Slain by an adder

Dungeon Overview and Level Annotations

Branches:
Dungeon (2/15)

Altars:


Message History

Press: ? - help, Shift-Dir - straight line, f/p - adder
Aim: an adder (lightly wounded, chance 50%)
The adder resists with some effort.
The adder bites you.
a - a +0 short sword (weapon)
Casting: Slow
Confirm with . or Enter, or press ? or * to list all spells.
Aiming: Corona
Press: ? - help, Shift-Dir - straight line, f/p - adder
Aim: an adder (lightly wounded, chance 50%)
The adder is outlined in light.
The adder bites you. The adder closely misses you.
You hit the adder but do no damage.
The adder is lightly wounded.
The adder barely misses you.
You hit the adder.
The adder is lightly wounded.
The adder bites you but does no damage.
You hit the adder.
The adder is heavily wounded.
The adder closely misses you. The adder bites you.
You are poisoned.
The adder poisons you!
You hit the adder but do no damage.
The adder is heavily wounded.
You feel sick. The adder bites you.
You are more poisoned.
The adder poisons you!
You hit the adder.
The adder is almost dead.
The adder bites you.
You barely miss the adder.
The adder is almost dead.
You feel sick. The adder closely misses you.
You hit the adder but do no damage.
The adder is almost dead.
You feel sick. The adder bites you. The adder bites you but does no damage.
You completely miss the adder.
The adder is almost dead.
The adder bites you.
You die...

You could see an adder and a hobgoblin.

Vanquished Creatures
  A ball python (D:1)
  2 goblins (D:1)
  4 hobgoblins (D:1)
  7 kobolds
  2 bats (D:1)
  A giant cockroach (D:1)
  2 giant newts (D:1)
  3 rats (D:1)
22 creatures vanquished.

Action                   || total
-------------------------++-------
Melee: Dagger            ||     6
       Unarmed           ||     2
       Short sword       ||    52
 Fire: Hand crossbow     ||    17
 Cast: Slow              ||     1
       Corona            ||     1
  Eat: Chunk             ||     2

Vault maps used:
D:1:      minmay_arrival_loop
D:2:      first_bread, uniq_iyjb, uniq_robin, uniq_terence
